 Dungeon Crawl Stone Soup version 0.30-a0-989-g0d87f670db (webtiles) character file.

Game seed: 13442655027472919853

143 mopl the Cudgeller (level 5, -4/51 HPs)
             Began as a Gargoyle Fighter on Apr 3, 2023.
             Slain by a freezing wraith (21 damage)
             ... created by the anger of Yredelemnul
             ... on level 3 of the Dungeon.
             The game lasted 00:02:14 (2091 turns).

mopl the Cudgeller (Gargoyle Fighter)               Turns: 2091, Time: 00:02:15

Health: -4/51      AC: 22    Str: 20    XL:     5   Next: 25%
Magic:  5/5        EV:  2    Int:  8    God:
Gold:   168        SH:  4    Dex: 11    Spells: 4/4 levels left

rFire   . . .      SeeInvis .    (no weapon)
rCold   . . .      Faith    .    c - +0 buckler
rNeg    + + .      Spirit   .    b - melded +0 scale mail
rPois   ∞          Reflect  .    (helmet currently unavailable)
rElec   .          Rampage  .    l - melded scarf of the Kangaroo {+Inv, Dex+3 Slay+2}
rCorr   .          NoTele   +    n - melded +0 pair of gloves
Will    .....                    (boots currently unavailable)
Stlth   +                        (no amulet)
HPRegen 0.28/turn                s - ring of positive energy
MPRegen 0.09/turn                (no ring)

@: tree-form (expiring)
A: stationary, stasis, torment immunity, boosted hp, sickness immunity, AC +4,
negative energy resistance 1, (electricity resistance), torment resistance 1,
petrification resistance
a: no special abilities


You were on level 3 of the Dungeon.
You were a tree.
You visited 1 branch of the dungeon, and saw 3 of its levels.

You collected 168 gold pieces.

Inventory:

Hand Weapons
 a - a +0 flail
Missiles
 g - 10 poisoned darts (quivered)
 r - 2 throwing nets
 x - 10 boomerangs
Armour
 b - a +0 scale mail (melded)
 c - a +0 buckler (worn)
 l - the scarf of the Kangaroo (melded) {+Inv, Dex+3 Slay+2}
   (You found it on level 2 of the Dungeon)

   Dex:       It affects your dexterity (+3).
   Slay:      It affects your accuracy & damage with ranged weapons and melee
   (+2).
 n - a +0 pair of gloves (melded)
Magical Staves
 e - a staff of poison
Jewellery
 s - a ring of positive energy (left branch)
 w - a ring of see invisible
Wands
 y - a wand of flame (13)
Scrolls
 f - a scroll of teleportation {unknown}
 j - a scroll of poison {unknown}
 m - 2 scrolls of identify {unknown}
 p - 2 scrolls of enchant weapon {unknown}
 v - a scroll of immolation {unknown}
Potions
 d - 3 potions of might
 h - 3 potions of lignification {!q}
 i - a potion of flight {unknown}
 k - a potion of brilliance {unknown}
 o - 2 potions of invisibility {unknown}
 q - a potion of attraction {unknown}
 t - a potion of curing {unknown}
 u - a potion of heal wounds {unknown}


   Skills:
 + Level 4.4 Fighting
 * Level 4.5 Maces & Flails
 - Level 3.2 Armour
 - Level 3.2 Shields


You had 4 spell levels left.
You didn't know any spells.
Your spell library was empty.

Dungeon Overview and Level Annotations

Branches:
Dungeon (3/15)

Altars:
Yredelemnul


Innate Abilities, Weirdness & Mutations

You are a tree.
Your roots penetrate the ground, keeping you stationary.
You cannot be teleported.
You are immune to unholy pain and torment.
Your maximum health is greatly increased.
Your equipment is partially melded.
You are immune to sickness and miasma.
((Your stone body is resilient. (AC +4)))
You are immune to poison.
You resist negative energy. (rN+)
((You are resistant to electric shocks. (rElec)))
You are resistant to unholy torment.
You are immune to petrification.


Message History

You hit the vampire but do no damage.
The vampire is almost destroyed.
The vampire barely misses you.
The vampire bites you but does no damage.
You barely miss the vampire.
The vampire is almost destroyed.
The vampire hits you but does no damage.
The vampire bites you but does no damage.
You hit the vampire but do no damage.
The vampire is almost destroyed.
The vampire hits you but does no damage.
You block the vampire's attack.
You hit the vampire.
The vampire is almost destroyed.
The vampire gestures wildly while chanting.
The vampire flickers and vanishes!
Deactivating autopickup; reactivate with Ctrl-A.
You smack something!
Reactivating autopickup.
You hit the freezing wraith but do no damage.
You block the freezing wraith's attack. The freezing wraith barely misses you.
You completely miss the freezing wraith.
The freezing wraith barely misses you. You block the freezing wraith's attack.
The freezing wraith hits you. The freezing wraith freezes you!!
The freezing wraith barely misses you.
You completely miss the freezing wraith.
The freezing wraith hits you but does no damage. x2
You hit the freezing wraith but do no damage.
Your transformation is almost over.
The freezing wraith hits you but does no damage. x2
You hit the freezing wraith but do no damage.
The freezing wraith hits you but does no damage.
You block the freezing wraith's attack.
You hit the freezing wraith but do no damage.
You block the freezing wraith's attack.
The freezing wraith hits you but does no damage.
You hit the freezing wraith.
The freezing wraith is lightly damaged.
The freezing wraith hits you. The freezing wraith freezes you!!
You die...

#####.# #.# #.# #.# #.#
########## #.# #........# #.#
#........#######
#####.###########..............##
.....).........W♣.....†.........○
###....).#####.##.........#.†...○
#..........#.##.........#.###.§
###..........#.##.........#.# #
#...........<#.##.........#.#
#.#..........#.##.........#.#
#.#..........#.##########.#.#
#.#######[...#'#### #.#.### #.#
#.........# #.#...#


You could see a freezing wraith.

Vanquished Creatures
  A vampire (D:3)
  A necrophage (D:3)
  Crazy Yiuf (D:2)
  Terence (D:2)
  3 adders
  An ufetubus (D:3)
  A worm (D:2)
  2 dart slugs
  6 ball pythons
  5 endoplasms
  A giant cockroach (D:1)
  5 goblins
  4 hobgoblins
  A quokka (D:2)
  A bat (D:1)
  2 frilled lizards
  11 kobolds
  7 rats
54 creatures vanquished.

Notes
Turn   | Place    | Note
-------+----------+-------------------------------------------
     0 | D:1      | mopl the Gargoyle Fighter began the quest for the Orb.
     0 | D:1      | Reached XP level 1. HP: 14/14 MP: 1/1
   216 | D:1      | Reached XP level 2. HP: 12/19 MP: 2/2
   658 | D:1      | Reached skill level 3 in Maces & Flails
   662 | D:1      | Reached XP level 3. HP: 24/24 MP: 3/3
   865 | D:2      | Found a runed translucent door.
   866 | D:2      | Noticed Crazy Yiuf
   948 | D:2      | Identified the scarf of the Kangaroo {+Inv, Dex+3 Slay+2}
  1148 | D:2      | Noticed Terence
  1155 | D:2      | Killed Terence
  1156 | D:2      | Reached skill level 4 in Fighting
  1156 | D:2      | Reached XP level 4. HP: 24/29 MP: 4/4
  1358 | D:2      | Found a faded altar of an unknown god.
  1430 | D:2      | Prayed at the altar of an unknown god.
  1430 | D:2      | Became a worshipper of Yredelemnul the Dark
  1430 | D:2      | Reached * piety under Yredelemnul
  1431 | D:2      | Fell from the grace of Yredelemnul
  1731 | D:2      | Killed Crazy Yiuf
  1732 | D:2      | Reached skill level 4 in Maces & Flails
  1834 | D:3      | Noticed a necrophage
  1835 | D:3      | Reached XP level 5. HP: 33/34 MP: 5/5
  2066 | D:3      | Noticed a freezing wraith
  2066 | D:3      | Noticed a vampire
  2084 | D:3      | Killed a vampire
  2091 | D:3      | Slain by a freezing wraith

Illustrated notes

Levels and vault maps discovered:
D:1:      sevenhm_arrival_forest_fort_large_2, layout_loops_ring
D:2:      layout_basic, shapermc_ecumenical_altar_venn, minmay_domino_2,
          uniq_crazy_yiuf_cottage, uniq_terence
D:3:      layout_basic, lemuel_flame_loot_1

Skill      XL: |  1  2  3  4 |
---------------+-------------+-----
Maces & Flails | 3 4 |  4.5
Fighting       | 4 |  4.4
Armour         | |  3.2
Shields        | |  3.2

Action                     |  1- 3 |  4- 6 || total
---------------------------+-------+-------++-------
  Melee: Flail             |    84 |    72 ||   156
         Unarmed           |       |    22 ||    22
 Invoke: Renounce Religion |       |     1 ||     1
    Use: Potion            |       |     1 ||     1
 Armour: Scale mail        |    44 |    31 ||    75
         Skin              |       |    27 ||    27
  Dodge: Dodged            |    42 |    26 ||    68
  Block: Buckler           |    27 |    21 ||    48

Table legend: (Time is in decaauts)
 A = Elapsed time spent in this place.
 B = Non-inter-level travel time spent in this place.
 C = Inter-level travel time spent in this place.
 D = Time resting spent in this place.
 E = Time spent auto-exploring this place.
 F = Levels seen in this place.
 G = Mean time per level.
                   A        B        C        D        E       F      G
               +--------+--------+--------+--------+--------+-----+--------+
         Total |   2136 |   1990 |    146 |      0 |   1571 |   3 |  712.0 |
       Dungeon |   2136 |   1990 |    146 |      0 |   1571 |   3 |  712.0 |
               +--------+--------+--------+--------+--------+-----+--------+

Top non-repeatable levels by time:
     D:2: 973 daAuts
     D:1: 860 daAuts
     D:3: 302 daAuts
